Map: Новое противостояние РВ

Players

flopp

  • Race: Terran Terran
  • League: Platinum
  • Spawn Location: 7:00

Insanismark - Winner!

  • Race: Protoss Protoss
  • League: Gold
  • Spawn Location: 1:00

VOD

Have the link to the VOD?

Description

Time

  • Played on: April 8, 2019, 10:35 a.m.
  • Length: 28:23
Show
View Real Time Build Order
Export as new Build Order

flopp Terran 

Build Orders: Liberator Opening 

Get SALT Encoding   

  12  0:00  SCV  
  13  0:12  SCV  
  14  0:23  Supply Depot  
  14  0:25  SCV  
  15  0:45  SCV  
  15  0:47  Barracks  
  16  0:52  Supply Depot  
  16  0:57  SCV  
  17  1:09  SCV  
  18  1:19  Refinery  
  18  1:20  Refinery  
  18  1:21  SCV  
  19  1:33  SCV  
  19  1:36  Marine  
  21  1:51  Command Center  
  21  1:54  Marine  
  22  2:03  Orbital Command  
  22  2:16  Factory  
  22  2:29  Bunker  
  22  2:30  Marine  
  23  2:48  SCV  
  23  2:50  Factory  
  24  3:01  Factory Tech Lab  
  24  3:07  SCV  
  24  3:09  Refinery  
  25  3:13  Starport  
  25  3:19  SCV  
  26  3:20  SCV  
  26  3:21  Refinery  
  27  3:31  Cyclone  
  27  3:32  SCV  
  31  3:41  Liberator  
  31  3:47  Factory Reactor  
  34  4:03  Orbital Command  
  34  4:14  Siege Tank  
  34  4:15  SCV  
  38  4:18  Marine  
  39  4:28  SCV  
  39  4:29  Widow Mine x2  
  41  4:53  Cyclone  
  44  5:07  Widow Mine  
  46  5:15  Supply Depot  
  46  5:18  Supply Depot  
  46  5:20  Starport Tech Lab  
  46  5:37  Cyclone, Widow Mine  
  46  5:39  Mag-Field Accelerator  
  46  5:42  SCV  
  52  5:54  SCV  
  53  6:08  Widow Mine x2  
  57  6:13  Armory  
  55  6:26  Command Center  
  55  6:46  Widow Mine x2  
  59  6:47  SCV  
  60  6:59  SCV  
  61  7:10  Barracks  
  61  7:11  SCV  
  61  7:13  Barracks  
  62  7:16  Supply Depot  
  62  7:19  Supply Depot  
  62  7:36  Cyclone, Raven  
  58  8:26  Widow Mine x2  
  65  8:27  Cyclone  
  65  8:28  Marine  
  65  8:29  Factory  
  66  8:35  Raven  
  66  8:37  Command Center  
  68  8:46  Marine  
  68  8:47  Widow Mine  
  67  9:04  Marine  
  65  9:39  SCV  
  65  9:42  Cyclone  
  65  9:44  Widow Mine x2  
  65  9:45  Armory, Factory Tech Lab  
  73  9:47  Supply Depot  
  73  9:48  SCV  
  73  9:51  SCV  
  73  9:59  Starport, Raven  
  75  10:00  SCV  
  75  10:03  SCV  
  77  10:07  SCV  
  77  10:12  SCV  
  79  10:15  SCV  
  79  10:19  SCV  
  81  10:24  SCV  
  81  10:25  Widow Mine x2  
  81  10:26  Cyclone  
  81  10:27  SCV  
  90  10:30  Cyclone  
  90  10:31  SCV  
  94  10:36  SCV  
  95  10:44  SCV  
  85  11:10  Widow Mine x2  
  87  11:12  Cyclone  
  87  11:13  Cyclone  
  89  11:30  Starport Reactor  
  89  11:31  Widow Mine  
  63  12:19  SCV  
  63  12:21  Viking x2  
  68  12:23  Raven  
  68  12:25  SCV  
  68  12:28  Refinery  
  68  12:29  Refinery  
  71  12:31  SCV  
  71  12:37  SCV, Marine  
  72  12:38  Marine x2  
  72  12:41  Hellion x2  
  72  12:43  SCV  
  81  12:44  Armory  
  81  12:46  Ghost Academy  
  81  12:50  SCV  
  81  12:51  Viking  
  84  12:54  Starport, Marine  
  84  12:55  SCV, Marine  
  84  12:56  Marine  
  88  12:59  SCV  
  88  13:02  SCV  
  90  13:08  Drilling Claws  
  90  13:11  SCV, Command Center  
  91  13:14  SCV  
  92  13:41  Supply Depot  
  92  13:43  Supply Depot  
  92  13:44  Supply Depot  
  92  13:46  Supply Depot, Liberator x2  
  92  13:48  Terran Vehicle And Ship Armor Level 1  
  92  13:52  Starport Reactor  
  92  13:56  Supply Depot  
  92  13:58  Widow Mine  
  92  13:59  Widow Mine  
  92  14:00  Cyclone  
  91  14:03  Cyclone  
  96  14:19  Widow Mine  
  96  14:20  Widow Mine  
  95  14:26  Infernal Pre-Igniter  
  95  14:31  Liberator x2  
  87  14:41  Widow Mine  
  89  14:46  Cyclone  
  89  14:50  Viking x2  
  102  14:53  Marine x2  
  102  14:55  Raven  
  102  14:56  SCV  
  107  15:00  SCV  
  108  15:08  SCV  
  108  15:10  Marine  
  104  15:19  Viking  
  104  15:20  Medivac  
  106  15:27  SCV  
  105  15:28  Marine  
  105  15:31  Widow Mine x2  
  105  15:33  Siege Tank  
  105  15:34  Siege Tank  
  116  15:40  SCV  
  116  15:42  Terran Ship Weapons Level 1  
  107  15:52  SCV  
  100  16:04  SCV  
  101  16:08  SCV  
  102  16:13  Barracks Tech Lab, Command Center  
  102  16:14  Barracks Tech Lab  
  102  16:17  SCV, Command Center  
  103  16:20  SCV  
  104  16:26  Engineering Bay, Widow Mine x2  
  104  16:27  Thor  
  104  16:29  SCV, Thor  
  104  16:32  SCV  
  122  16:41  SCV  
  122  16:44  SCV  
  124  16:47  Widow Mine x2  
  124  16:53  SCV  
  129  17:05  SCV  
  114  18:28  Liberator x2  
  114  18:46  Viking x2  
  114  18:48  Cyclone, SCV  
  124  19:01  SCV  
  110  19:13  SCV  
  110  19:16  Viking  
  113  19:20  Cyclone  
  108  19:48  Viking x2  
  108  19:50  Widow Mine x2  
  116  19:55  Refinery  
  116  19:56  Barracks  
  116  19:57  Barracks  
  116  19:59  SCV, Barracks  
  117  20:00  Barracks  
  117  20:01  Refinery  
  117  20:04  SCV, Refinery x3  
  117  20:05  Refinery  
  116  20:11  SCV  
  117  20:16  SCV  
  117  20:18  Viking  
  116  21:19  Marine x3  
  116  21:20  Marine  
  126  21:27  Banshee  
  127  21:37  SCV, Marine x4  
  132  21:42  Widow Mine x2  
  132  21:43  Cyclone  
  132  21:44  Thor  
  145  21:47  Viking  
  145  21:49  SCV, Viking  
  145  21:51  Unknown  
  145  21:52  Unknown  
  152  21:55  Marine x3  
  152  21:56  Marine, Refinery  
  152  21:59  Barracks  
  156  22:01  Barracks  
  156  22:03  Widow Mine, Viking x2  
  156  22:06  Combat Shield  
  162  22:10  Terran Infantry Weapons Level 1  
  162  22:20  Unknown  
  162  22:35  SCV, Marine  
  162  22:38  Supply Depot  
  162  22:41  Supply Depot x3  
  162  22:48  SCV  
  134  23:11  Marine  
  134  23:12  Marine x3  
  135  23:15  Marine  
  107  23:29  Marine x3  
  82  23:44  Marine x2  
  84  23:54  Marine  
  84  23:55  Marine x2  
  87  24:01  Marine, Viking x2  
  87  24:02  Viking x2  
  96  24:07  Widow Mine x2  
  96  24:08  Cyclone  
  96  24:09  Thor  
  113  24:12  Marine x2  
  113  24:14  Refinery  
  110  24:17  Supply Depot  
  110  24:19  Supply Depot  
  110  24:20  Supply Depot  
  108  24:28  Widow Mine x2  
  112  24:32  Unknown  
  112  24:33  Unknown  
  112  24:41  Barracks Tech Lab  
  112  24:43  Barracks Tech Lab x2  
  112  24:49  Widow Mine x2, Factory  
  112  24:50  Marine x2  
  118  24:55  SCV  
  118  24:58  Factory  
  119  25:05  Liberator  
  119  25:06  Liberator  
  119  25:07  SCV  
  120  25:08  Marine x2  
  122  25:19  SCV  
  122  25:20  Terran Infantry Weapons Level 2  
  123  25:22  Command Center  
  123  25:25  Marine  
  123  25:26  Marauder  
  123  25:28  Concussive Shells  
  132  25:29  Marauder  
  132  25:31  SCV  
  132  25:33  Hellbat x3  
  141  25:48  Marauder  
  86  26:19  Medivac x2  
  90  26:27  SCV  
  91  26:33  Command Center  
  91  26:36  Widow Mine x2  
  91  26:39  SCV  
  96  26:40  Command Center  
  96  26:41  Hellion  
  96  26:42  Hellion  
  95  27:02  Hellion  
  46  27:50  SCV  
  46  28:02  SCV  
Show
View Real Time Build Order
Export as new Build Order

Insanismark Protoss - Winner!

Build Orders: 1 Gate Expand, Double Forge, Oracle Opening 

Get SALT Encoding   

  12  0:01  Probe  
  13  0:14  Pylon  
  13  0:15  Probe  
  14  0:23  Probe  
  15  0:32  Probe  
  15  0:39  Gateway  
  16  0:44  Assimilator  
  16  0:50  Probe  
  17  1:02  Probe  
  18  1:14  Probe  
  19  1:25  Pylon  
  19  1:26  Probe  
  20  1:34  Nexus  
  20  1:47  Cybernetics Core  
  20  1:54  Zealot  
  22  2:05  Gateway  
  22  2:13  Gateway, Warp Gate  
  22  2:27  Stalker  
  24  2:45  Probe x2  
  26  2:53  Probe x2  
  28  3:01  Probe x2  
  29  3:12  Probe x2  
  30  3:13  Stargate  
  30  3:17  Assimilator  
  32  3:23  Assimilator  
  32  3:24  Assimilator, Probe x2  
  34  3:30  Pylon  
  34  3:33  Probe  
  34  3:36  Probe  
  36  3:41  Probe  
  36  3:48  Probe  
  38  3:50  Probe  
  39  3:58  Oracle  
  39  3:59  Probe  
  39  4:01  Probe  
  44  4:07  Probe, Stalker x2  
  48  4:12  Stalker  
  48  4:13  Probe  
  48  4:17  Probe  
  52  4:20  Pylon  
  53  4:28  Pylon  
  53  4:29  Probe  
  54  4:36  Forge  
  54  4:37  Forge  
  54  4:41  Probe  
  53  4:53  Oracle  
  53  4:57  Stargate x2  
  56  5:11  Stalker x2  
  56  5:12  Stalker  
  62  5:17  Pylon  
  62  5:19  Pylon  
  59  5:35  Stalker x3  
  61  5:42  Oracle  
  68  5:56  Protoss Ground Armor Level 1, Protoss Ground Weapons Level 1  
  68  6:07  Twilight Council  
  68  6:34  Blink  
  68  6:44  Stalker x3  
  74  6:52  Gateway x2  
  74  6:55  Gateway  
  74  6:56  Oracle x2  
  74  6:57  Oracle  
  83  7:29  Zealot  
  75  7:49  Shield Battery  
  75  7:51  Shield Battery  
  65  8:15  Stalker x5  
  65  8:16  Stalker  
  77  8:20  Void Ray x2  
  85  8:29  Pylon  
  85  8:30  Pylon  
  85  8:32  Pylon  
  85  8:34  Pylon  
  85  8:46  Photon Cannon  
  85  8:47  Void Ray  
  89  8:49  Photon Cannon  
  78  9:18  Charge  
  78  9:33  Robotics Facility  
  78  9:43  Void Ray x3  
  90  9:54  Zealot x2  
  90  9:55  Zealot x3  
  90  9:56  Zealot  
  102  10:05  Protoss Ground Weapons Level 2  
  102  10:06  Protoss Ground Armor Level 2  
  102  10:26  Observer  
  103  10:29  Zealot x4  
  103  10:30  Zealot x2  
  115  10:41  Pylon  
  115  10:48  Observer  
  116  10:50  Void Ray  
  116  10:54  Nexus  
  118  10:59  Void Ray  
  69  12:08  Stalker x4  
  65  12:09  Stalker  
  65  12:10  Stalker  
  65  12:12  Void Ray  
  65  12:13  Void Ray x2  
  79  12:18  Assimilator  
  79  12:19  Probe  
  79  12:20  Probe x2  
  78  12:23  Assimilator  
  78  12:31  Probe  
  78  12:32  Probe x2  
  81  12:55  Void Ray x2  
  81  12:56  Void Ray, Zealot x3  
  81  12:57  Zealot x3  
  105  13:03  Observer  
  100  13:27  Stalker  
  100  13:28  Stalker x4  
  100  13:30  Stalker  
  112  13:38  Void Ray  
  92  14:35  Void Ray x3  
  92  14:37  Observer  
  89  14:40  Stalker x5  
  89  14:41  Stalker  
  101  14:55  Probe  
  102  15:00  Protoss Ground Weapons Level 3, Protoss Ground Armor Level 3  
  102  15:03  Probe  
  102  15:13  Probe  
  97  15:25  Probe  
  64  15:57  Oracle x2  
  64  15:58  Oracle  
  64  15:59  Zealot x6  
  83  16:20  Nexus  
  83  16:26  Immortal  
  83  16:29  Sentry x4  
  83  16:31  Stalker  
  97  16:34  Stalker  
  97  16:38  Nexus  
  99  17:05  Immortal  
  92  17:28  Zealot x5  
  92  17:29  Zealot  
  98  17:42  Void Ray x3  
  88  18:11  Zealot x6  
  78  18:20  Immortal  
  78  18:24  Probe  
  78  18:25  Void Ray  
  87  18:32  Void Ray  
  87  18:33  Void Ray  
  95  18:36  Probe  
  80  18:48  Probe  
  77  18:52  Zealot x3  
  77  18:53  Zealot x3  
  83  19:00  Probe  
  78  19:08  Observer  
  73  19:12  Probe  
  60  19:27  Zealot x6  
  64  19:41  Observer  
  64  19:43  Void Ray x3  
  76  19:57  Assimilator  
  76  19:59  Assimilator, Zealot x6  
  88  20:02  Observer  
  86  20:25  Void Ray  
  86  20:26  Pylon, Void Ray x2  
  98  20:32  Zealot  
  98  20:33  Zealot x5  
  106  20:45  Cybernetics Core  
  106  21:08  Void Ray x2  
  106  21:10  Zealot x3  
  106  21:11  Zealot x3  
  122  21:17  Void Ray  
  128  21:34  Assimilator  
  128  21:39  Assimilator  
  128  21:40  Stalker x2  
  132  21:51  Void Ray  
  136  21:56  Sentry  
  138  22:18  Void Ray  
  138  22:20  Void Ray  
  138  22:21  Zealot x4  
  138  22:22  Zealot x2  
  158  22:34  Immortal  
  148  23:10  Void Ray x3  
  92  23:45  Zealot x4  
  92  23:46  Zealot x2  
  102  23:51  Void Ray x3  
  112  24:08  Sentry x2  
  116  24:11  Zealot x4  
  120  24:24  Void Ray x3  
  120  24:37  Zealot x4  
  120  24:38  Zealot x2  
  144  24:43  Pylon  
  144  24:44  Pylon  
  144  24:46  Pylon  
  144  24:57  Zealot  
  144  24:58  Zealot x5  
  144  24:59  Void Ray x3  
  168  25:39  Void Ray  
  168  25:40  Void Ray  
  130  26:05  Void Ray  
  96  26:13  Zealot x3  
  96  26:14  Void Ray x2, Zealot x3  
  120  26:28  Protoss Air Weapons Level 1  
  120  26:35  Zealot x2  
  120  26:36  Zealot x4  
  132  26:48  Void Ray  
  132  26:50  Nexus  
  136  26:57  Void Ray x2  
  143  27:11  Zealot x3  
  143  27:12  Zealot x2  
  127  27:31  Void Ray  
  127  27:34  Stalker x4  
  127  27:35  Stalker x2  
  131  27:51  Assimilator  
  131  27:55  Assimilator  
Tags
 
Add a new tag
Caveats
  • Supply blocks, unpowered buildings, or Contaminate may cause inaccurate times.
  • Supply counts are checked every 10 seconds.